Workbook

Sheet Budget Summary
A2: BUDGET SUMMARY FORM
B6: Agency/Provider
B7: Program/Facility | F7: Fiscal Year
B8: Term of Contract | F8: Date
B9: Agency Representative | F9: Title
B10: Agency Telephone | F10: Agency E-mail
B11: Federal EIN | F11: Vendor ID #
A14: I | B14: PERSONNEL SERVICES (PS) | F14: ORIGINAL BUDGET | H14: FTE'S
B16: Administration | H16: ='Line Item A'!B22 -> 0
B17: Social Work | H17: ='Line Item A'!B25 -> 0
B18: Child Care (Tier IIs only) | H18: ='Line Item A'!B28 -> 0
B19: Recreation | H19: ='Line Item A'!B35 -> 0
B20: Case Management | H20: ='Line Item A'!B42 -> 0
B21: Security | H21: ='Line Item A'!B46 -> 0
B22: Maintenance | H22: ='Line Item A'!B49 -> 0
B23: MVO | H23: ='Line Item A'!B52 -> 0
B24: Kitchen | H24: ='Line Item A'!B57 -> 0
B26: TOTAL PERSONNEL SERVICES | H26: =SUM(H16:H24) -> 0
A28: II | B28: FRINGE BENEFITS
A30: III | B30: TOTAL PS
A32: IV | B32: OTHER THAN PERSONNEL SERVICE
B34: Office Equipment
B35: Client Supplies/Furniture
B36: Client Transportation
B37: Utilities
B38: Office Expenses
B39: Professional Costs
B40: Maintenance/Repair
B41: Mechanical System Contracts
B42: Food
B43: Contracted Security
B44: Vehicle Expenses
B46: TOTAL OTPS
A49: V | B49: TOTAL PS & OTPS ( III + IV )
E51: FY
A52: VI | B52: INDIRECT COST RATE
A54: VII | B54: RENT
A56: VIII | B56: TOTAL (without Debt Service) ( V + VI + VII )
A58: IX | B58: START UP
A60: X | B60: DEBT SERVICE AMORTIZATION | F60: 0
A62: XI | B62: AMENDMENTS (I.E., DEPRECIATION, NEW NEED, ETC.) | F62: 0
A64: XII | B64: GROSS AMOUNT ( VIII + IX + X + XI )
A66: XIII | B66: REVENUE | F66: 0
A68: XIV | B68: FUNDING ( XII - XIII )
B78: Program Representative | G78: Date
B81: Budget Representative | G81: Date
B84: Provider | G84: Date

Sheet Line Item A
A2: LINE ITEM BUDGET FORM - A
A3: Page 1 - PERSONNEL SERVICE (PS)
A5: Facility
A6: Address
A7: Provider
A8: Facility Type
A9: Capacity
A10: Effective Dates
A11: Fiscal Year
B15: FY 20__ Annual Budget
A16: Position Title | B16: FTE'S | C16: Salary | D16: Total
D17: =(B17*C17) -> 0
D18: =(B18*C18) -> 0
D19: =(B19*C19) -> 0
D20: =(B20*C20) -> 0
D21: =(B21*C21) -> 0
A22: Subtotal Administration | B22: =SUM(B17:B21) -> 0 | D22: =SUM(D17:D21) -> 0
A23: - - - | B23: - - - | C23: - - - | D23: - - -
D24: =(B24*C24) -> 0
A25: Subtotal Social Work | B25: =SUM(B24:B24) -> 0 | D25: =SUM(D24:D24) -> 0
A26: - - - | B26: - - - | C26: - - - | D26: - - -
D27: =(B27*C27) -> 0
A28: Subtotal Child Care (Tier IIs only) | B28: =SUM(B27:B27) -> 0 | D28: =SUM(D27:D27) -> 0
A29: - - - | B29: - - - | D29: - - -
D30: =(B30*C30) -> 0
D31: =(B31*C31) -> 0
D32: =(B32*C32) -> 0
D33: =(B33*C33) -> 0
D34: =(B34*C34) -> 0
A35: Subtotal Recreation | B35: =SUM(B30:B34) -> 0 | D35: =SUM(D30:D32) -> 0
A36: - - - | B36: - - - | C36: - - - | D36: - - -
D37: =(B37*C37) -> 0
D38: =(B38*C38) -> 0
D39: =(B39*C39) -> 0
D40: =(B40*C40) -> 0
D41: =(B41*C41) -> 0
A42: Subtotal Case Management | B42: =SUM(B37:B41) -> 0 | D42: =SUM(D37:D41) -> 0
A43: - - - | B43: - - - | C43: - - - | D43: - - -
D44: =(B44*C44) -> 0
D45: =B45*C45 -> 0
A46: Subtotal Security | B46: =SUM(B44:B45) -> 0 | D46: =SUM(D44:D45) -> 0
A47: - - - | B47: - - - | C47: - - - | D47: - - -
D48: =(B48*C48) -> 0
A49: Subtotal Maintenance | B49: =SUM(B48:B48) -> 0 | D49: =SUM(D48:D48) -> 0
A50: - - - | B50: - - - | C50: - - - | D50: - - -
D51: =(B51*C51) -> 0
A52: Subtotal Motor Vehicle Operator | B52: =SUM(B51:B51) -> 0 | D52: =SUM(D51:D51) -> 0
A53: , | B53: - - - | C53: - - - | D53: - - -
D54: =(B54*C54) -> 0
D55: =(B55*C55) -> 0
D56: =(B56*C56) -> 0
A57: Subtotal Kitchen | B57: =SUM(B54:B56) -> 0 | D57: =SUM(D54:D56) -> 0
A58: - - - | B58: - - - | C58: - - - | D58: - - -
A60: Subtotal PS | B60: =B22+B25+B28+B35+B42+B46+B49+B52+B57 -> 0 | D60: =D22+D25+D28+D35+D42+D46+D49+D52+D57 -> 0
A62: Fringe Benefits | B62: =IF(D62,D60/D62,0) -> 0
A64: TOTAL PS | D64: =(D60+D62) -> 0
A67: =A2 -> LINE ITEM BUDGET FORM - A
A68: Page 2 - OTHER THAN PERSONNEL SERVICE (OTPS)
A70: Facility
A71: =A10 -> Effective Dates
D75: FY 20__ Annual
D76: Budget
A77: Office Furniture Replacement and Purchase
A78: Computer
A79: Office Equipment Purchase/Replacement/Lease
A80: Copier
A81: Subtotal Office Equipment | D81: =SUM(D77:D80) -> 0
A82: - - - | B82: - - - | C82: - - - | D82: - - -
A83: Laundry and Replacement Linen
A84: Program Supplies
A85: Client Furniture (Purchase and Replacement)
A86: Client Supplies
A87: Subtotal Client Supplies/Furniture | D87: =SUM(D83:D86) -> 0
A88: - - - | B88: - - - | C88: - - - | D88: - - -
A89: Client Transportation | D89: =0 -> 0
A90: - - - | B90: - - - | C90: - - - | D90: - - -
A91: Oil/Gas
A92: Electricity
A93: Water/Sewer
A94: Telephone
A95: Subtotal Utilities | D95: =SUM(D91:D94) -> 0
A96: - - - | B96: - - - | C96: - - - | D96: - - -
A97: Insurance
A98: Recruitment and Advertising
A99: Postage
A100: Staff Training
A101: Staff Transportation
A102: Office Supplies
A103: Subtotal Office Expenses | D103: =SUM(D97:D102) -> 0
A104: - - - | B104: - - - | C104: - - - | D104: - - -
A113: Subtotal Professional Services | D113: =SUM(D105:D112) -> 0
A114: - - - | B114: - - - | C114: - - - | D114: - - -
A121: Subtotal Maintenance/Repair | D121: =SUM(D115:D120) -> 0
A122: - - - | B122: - - - | C122: - - - | D122: - - -
A123: Elevator Maintenance
A124: Extermination Contract
A125: HVAC/Boiler System Maintenance
A126: Emergency Generator Maintenance
A127: Fire Detection/Suppression/Central Station
A128: Subtotal Mechanical System Contracts | D128: =SUM(D123:D127) -> 0
...
